 Dungeon Crawl Stone Soup version 0.28-a0-479-g5baa6b73be (webtiles) character file.

Game seed: 7518427296042799556

6302 Shayle the Fighter (level 10, -7/110 HPs)
             Began as an Ogre Warper on Sept 18, 2021.
             Was a Follower of the Shining One.
             Mangled by Grum (18 damage)
             ... on level 9 of the Dungeon.
             The game lasted 00:25:19 (11211 turns).

Shayle the Fighter (Ogre Warper)                   Turns: 11211, Time: 00:25:20

Health: -7/110     AC:  8    Str: 20    XL:     10   Next: 95%
Magic:  4/19       EV:  9    Int: 23    God:    the Shining One [*.....]
Gold:   256        SH:  0    Dex:  8    Spells: 9/21 levels left

rFire   . . .      SeeInvis .   r - +2 whip (elec)
rCold   . . .      Faith    .   (no shield)
rNeg    . . .      Spirit   .   w - +1 robe of Cineoseu {Str+3}
rPois   .          Reflect  .   (helmet restricted)
rElec   .          Harm     .   (no cloak)
rCorr   .          Rampage  .   (gloves unavailable)
Will    +....                   (boots unavailable)
Stlth   +.........              (no amulet)
HPRegen 0.28/turn               e - +6 ring of intelligence
MPRegen 0.16/turn               d - +4 ring of protection

@: mighty, glowing
A: large, unfitting armour, tough skin 1
a: Renounce Religion


You were on level 9 of the Dungeon.
You worshipped the Shining One.
The Shining One was aware of your devotion.
You visited 2 branches of the dungeon, and saw 10 of its levels.

You collected 280 gold pieces.
You spent 24 gold pieces at shops.

Inventory:

Hand Weapons
 a - a +0 spear
 h - a +1 demon trident of electrocution
 j - a +5 short sword
 r - a +2 whip of electrocution (weapon)
 s - a +0 giant spiked club
Missiles
 m - 3 throwing nets (quivered)
Armour
 w - the +1 robe of Cineoseu (worn) {Str+3}
   (You found it on level 7 of the Dungeon)

   Str:       It affects your strength (+3).
 B - a +0 cloak
Jewellery
 d - a +4 ring of protection (right hand)
 e - a +6 ring of intelligence (left hand)
 l - a ring of fire
 t - a ring of poison resistance
Wands
 n - a wand of polymorph (4)
 x - a wand of iceblast (14)
Scrolls
 c - 4 scrolls of blinking
 f - 3 scrolls of fog
 i - a scroll of magic mapping
 p - a scroll of amnesia {unknown}
 q - 3 scrolls of enchant armour
 y - a scroll of brand weapon {unknown}
 z - a scroll of fear
Potions
 b - a potion of ambrosia
 g - a potion of invisibility
 k - a potion of curing
 o - a potion of flight
 u - 2 potions of might
 v - a potion of resistance
 A - a potion of lignification


   Skills:
 + Level 10.1 Fighting
 * Level 10.1 Polearms
 - Level 1.0 Throwing
 - Level 2.1 Dodging
 - Level 6.0 Spellcasting
 + Level 4.7 Conjurations
 + Level 4.8 Translocations
 + Level 3.8 Earth Magic
 + Level 4.1 Invocations


You had 9 spell levels left.
You knew the following spells:

 Your Spells              Type           Power      Damage    Failure   Level
a - Blink                 Tloc           N/A        N/A       1%          2
b - Teleport Other        Tloc           29%        N/A       3%          3
c - Iskenderun's Mystic   Conj/Tloc      28%        2d7       12%         4
d - Stone Arrow           Conj/Erth      52%        3d10      4%          3

Your spell library contained the following spells:

 Spells                   Type           Power      Damage    Failure   Level
 Sandblast                Erth           48%        2d12      1%          1
 Gell's Gravitas          Tloc           14%        N/A       3%          3
 Lesser Beckoning         Tloc           29%        N/A       3%          3
 Passwall                 Tmut/Erth      12%        N/A       6%          2
 Freeze                   Ice            24%        1d5       9%          1
 Dazzling Flash           Conj/Hex       34%        N/A       10%         3
 Slow                     Hex            6%         N/A       13%         2
 Sublimation of Blood     Necr           3%         N/A       13%         2
 Wereblood                Tmut           6%         N/A       13%         2
 Confusing Touch          Hex            6%         N/A       26%         3
 Frozen Ramparts          Ice            12%        1d3       26%         3
 Hailstorm                Conj/Ice       17%        3d6       32%         4
 Manifold Assault         Tloc           29%        N/A       32%         5
 Olgreb's Toxic Radiance  Pois           6%         N/A       63%         4
 Yara's Violent Unravell  Hex/Tmut       3%         3d4       93%         5
 Starburst                Conj/Fire      8%         6d4       99%         6
 Ozocubu's Refrigeration  Ice            3%         4d5       100%        7
 Summon Hydra             Summ           3%         N/A       100%        7
 Ignition                 Fire           3%         3d4       100%        8


Dungeon Overview and Level Annotations

Branches:
Dungeon (9/15)             Temple (1/1) D:6
   Lair: D:8-11         Orc: D:9-12

Altars:
Ashenzari
Cheibriados
Dithmenos
Elyvilon
Gozag
Kikubaaqudgha
Makhleb
Nemelex Xobeh
Okawaru
Qazlal
Ru
Trog
Uskayaw
Vehumet
Wu Jian
Xom
Yredelemnul
The Shining One

Shops:
D:2 *   D:3 (   D:4 ?   D:6 [

Annotations:
D:5 1 runed translucent door, bande's ghost, novice GrFi
D:8 Erica; Maggie
D:9 Grum


Innate Abilities, Weirdness & Mutations

You are too large for most types of armour.
You have tough skin. (AC +1)


Message History

The yak misses you.
Okay, then.
You hit the yak but do no damage.
The yak is moderately wounded.
The yak gores you!
You whack the yak!
The yak is severely wounded.
The yak gores you.
You hit the yak.
The yak is severely wounded.
The yak barely misses you.
You whack the yak! Lightning courses through the yak!
You kill the yak!
Casting: Stone Arrow (mildly dangerous; 4% risk of failure)
Confirm with . or Enter, or press ? or * to list all spells.
You blink.
The wolf bites you.
You hit the wolf. Lightning courses through the wolf!!
You kill the wolf!
Grum hits you from afar with a -2 vorpal spear.
Grum hits you with a -2 vorpal spear.
You hit Grum.
Grum is lightly wounded.
Grum hits you but does no damage.
You hit Grum.
Grum is moderately wounded.
Grum hits you with a -2 vorpal spear!
You hit Grum.
Grum is moderately wounded.
Grum barely misses you.
You hit Grum but do no damage. Lightning courses through Grum!!
Grum is severely wounded.
Grum hits you with a -2 vorpal spear!
* * * LOW HITPOINT WARNING * * *
x2 You hit Grum.
Grum is almost dead.
Grum hits you with a -2 vorpal spear!
* * * LOW HITPOINT WARNING * * *
x2 Unknown command.
You feel better. Grum hits you with a -2 vorpal spear!!
You die...

#.###
#...#
###.#
#.# #†#
#.# #Y#
#g# #@#
#.# #.#
#.# ...
...
.....
.....
......#


You could see Grum and a yak.

Vanquished Creatures
  Harold (D:8)
  Pikel (D:4)
  2 hornets (D:8)
  Eustachio (D:6)
  5 yaks (D:9)
  A wyvern (D:9)
  Menkaure (D:6)
  2 vampire mosquitoes (D:7)
  3 water moccasins
  2 ice beasts
  3 black bears
  2 sky beasts (D:5)
  A necrophage (D:7)
  3 ogres
  3 wolves (D:9)
  2 phantoms
  5 bullfrogs
  A scorpion (D:6)
  2 wights (D:8)
  4 centaur zombies
  4 hounds
  2 orc priests
  4 jellies
  A gnoll shaman (D:9)
  A bullfrog skeleton (D:7)
  Ijyb (D:3)
  3 iguanas
  3 orc wizards
  Natasha (thrice) (D:2)
  A killer bee zombie (D:4)
  A hound skeleton (D:4)
  2 howler monkey zombies
  7 gnolls
  3 adders
  An ufetubus (D:6)
  2 worms
  A dart slug (D:3)
  14 orcs
  7 endoplasms
  5 giant cockroaches
  7 goblins
  11 hobgoblins
  3 jackals (D:3)
  3 quokkas
  8 ball pythons
  2 bats
  7 frilled lizards
  11 kobolds
  11 rats
174 creatures vanquished.

Notes
Turn   | Place    | Note
-------+----------+-------------------------------------------
     0 | D:1      | Shayle the Ogre Warper began the quest for the Orb.
     0 | D:1      | Reached XP level 1. HP: 22/22 MP: 3/3
   671 | D:1      | Reached XP level 2. HP: 31/31 MP: 5/5
  1460 | D:2      | Learned a level 2 spell: Blink
  1556 | D:2      | Reached XP level 3. HP: 39/39 MP: 6/6
  1569 | D:2      | Noticed Natasha
  1581 | D:2      | Killed Natasha
  1630 | D:2      | Noticed Natasha
  1642 | D:2      | Killed Natasha
  1643 | D:2      | Reached XP level 4. HP: 32/49 MP: 7/7
  1652 | D:2      | Noticed Natasha
  2279 | D:2      | Killed Natasha
  2280 | D:2      | Reached skill level 5 in Fighting
  2280 | D:2      | Reached XP level 5. HP: 39/57 MP: 8/8
  2471 | D:2      | Found Piskuemn's Assorted Antiques.
  2527 | D:2      | Bought a scroll labelled XITOTOAHAH for 24 gold pieces
  2998 | D:3      | Found Istrask's Weapon Shop.
  3003 | D:3      | Identified a scroll of acquirement
  3003 | D:3      | Acquired a +1 demon trident of electrocution
  3079 | D:3      | Noticed Ijyb
  3091 | D:3      | Killed Ijyb
  3254 | D:3      | Reached XP level 6. HP: 65/67 MP: 8/10
  3661 | D:3      | You fall into a shaft and drop 1 floor!
  3675 | D:4      | Noticed Pikel
  3682 | D:4      | Killed Pikel
  3683 | D:4      | Reached XP level 7. HP: 72/76 MP: 10/13
  3999 | D:4      | Reached XP level 8. HP: 66/87 MP: 14/14
  4188 | D:4      | Learned a level 3 spell: Teleport Other
  4193 | D:4      | Learned a level 4 spell: Iskenderun's Mystic Blast
  4361 | D:4      | Found Azxeklig's Magic Scroll Boutique.
  4564 | D:5      | Entered Level 5 of the Dungeon
  4564 | D:5      | Found a runed translucent door.
  4702 | D:5      | Reached skill level 1 in Conjurations
  4811 | D:5      | Reached skill level 5 in Spellcasting
  4910 | D:5      | Found an ancient bone altar of Kikubaaqudgha.
  4911 | D:5      | Found a sacrificial altar of Ru.
  4938 | D:5      | Found a shadowy altar of Dithmenos.
  4938 | D:5      | Found an ornate altar of the Wu Jian Council.
  4941 | D:5      | Found a hide-covered altar of Uskayaw.
  4942 | D:5      | Found a snail-covered altar of Cheibriados.
  4943 | D:5      | Found a radiant altar of Vehumet.
  5289 | D:5      | Noticed bande's ghost (novice GrFi)
  5574 | D:6      | Reached XP level 9. HP: 96/96 MP: 17/17
  5578 | D:6      | Learned a level 3 spell: Stone Arrow
  5633 | D:6      | Found a basalt altar of Yredelemnul.
  5677 | D:6      | Noticed Eustachio
  5688 | D:6      | Killed Eustachio
  6032 | D:6      | Reached skill level 1 in Earth Magic
  6185 | D:6      | Found Aletyu's Antique Armour Shop.
  6278 | D:6      | Found a white marble altar of Elyvilon.
  6328 | D:6      | Noticed Menkaure
  6557 | D:6      | Killed Menkaure
  6886 | D:6      | Found a staircase to the Ecumenical Temple.
  6922 | Temple   | Entered the Ecumenical Temple
  7071 | Temple   | Became a worshipper of the Shining One
  8278 | D:7      | Reached skill level 1 in Invocations
  8591 | D:7      | Identified the +1 robe of Cineoseu {Str+3}
  9313 | D:8      | Noticed Harold
  9333 | D:8      | Killed Harold
  9334 | D:8      | Reached XP level 10. HP: 15/107 MP: 4/19
  9851 | D:8      | Reached * piety under the Shining One
  9934 | D:8      | Noticed Erica
  9934 | D:8      | Noticed Maggie
 10454 | D:8      | Noticed a death yak
 10455 | D:8      | Noticed a death yak
 10455 | D:8      | Noticed a death yak
 11186 | D:9      | Noticed Grum
 11188 | D:9      | Reached skill level 10 in Fighting
 11195 | D:9      | Reached skill level 10 in Polearms
 11210 | D:9      | HP: 5/110 [Grum (16)]
 11210 | D:9      | HP: 2/110 [Grum (3)]
 11211 | D:9      | Mangled by Grum

Illustrated notes

Levels and vault maps discovered:
D:1:      lemuel_arrival_behind_the_door_large, layout_basic
D:2:      layout_loops_ring, serial_shops, nicolae_lakefront_shop,
          minmay_misc_feat_ornament, hangedman_decor_lopped, uniq_natasha
D:3:      layout_basic, serial_shops, shop, hangedman_decor_diamond_cutter,
          minmay_unequal, uniq_ijyb
D:4:      layout_loops_ring, serial_shops, nicolae_square_shop, uniq_pikel
D:5:      layout_basic, minitemple, ebering_ghost_sewer_d, minmay_hedge_maze
D:6:      layout_loops_corners, kennysheep_ying_yang,
          minmay_temple_entry_poolview, serial_shops, kennysheep_mini_moat,
          uniq_menkaure, uniq_eustachio
D:7:      layout_rooms
D:8:      layout_basic, dpeg_lair_monsters, serial_curves, eino_curves_02,
          eino_curves_01, minmay_misc_feat_rows, minmay_crystal_water,
          sigmund_army, uniq_erica, uniq_harold, uniq_maggie
D:9:      layout_roguey, minmay_circle_x, uniq_grum, uniq_prince_ribbit1
Temple:   dpeg_chambers_temple

Skill      XL: |  1  2  3  4  5  6  7  8  9 10 |
---------------+-------------------------------+-----
Fighting       | 3 4 5 6 7 8 9 10 | 10.1
Polearms       | 3 4 6 7 9 10 | 10.1
Spellcasting   | 4 5 6 |  6.0
Conjurations   | 2 4 |  4.7
Earth Magic    | 2 3 |  3.8
Translocations | 4 |  4.8
Invocations    | 2 4 |  4.1
Throwing       | |  1.0
Dodging        | |  2.1

Action                   |  1- 3 |  4- 6 |  7- 9 | 10-12 || total
-------------------------+-------+-------+-------+-------++-------
Melee: Spear             |    32 |       |       |       ||    32
       Short sword       |    47 |    90 |       |       ||   137
       Demon trident     |       |    49 |   157 |       ||   206
       Whip              |       |       |    84 |   101 ||   185
Throw: Boomerang         |       |     3 |     2 |       ||     5
 Cast: Iskenderun's Myst |       |       |    13 |    16 ||    29
       Stone Arrow       |       |       |     2 |    16 ||    18
       Blink             |       |       |     1 |     2 ||     3
Evoke: Wand              |       |       |     6 |       ||     6
  Use: Scroll            |       |     7 |    10 |     2 ||    19
       Potion            |       |       |     3 |     2 ||     5
 Stab: Sleeping          |     1 |       |       |       ||     1
Armor: Robe              |    14 |    25 |    78 |    62 ||   179
       Skin              |       |       |     2 |       ||     2
Dodge: Dodged            |    30 |    38 |   111 |    62 ||   241

Table legend: (Time is in decaauts)
 A = Elapsed time spent in this place.
 B = Non-inter-level travel time spent in this place.
 C = Inter-level travel time spent in this place.
 D = Time resting spent in this place.
 E = Time spent auto-exploring this place.
 F = Levels seen in this place.
 G = Mean time per level.
                   A        B        C        D        E       F      G
               +--------+--------+--------+--------+--------+-----+--------+
         Total |  11262 |  10892 |    370 |   2698 |   6334 |  10 | 1126.2 |
       Dungeon |  10966 |  10628 |    338 |   2598 |   6186 |   9 | 1218.4 |
        Temple |    296 |    264 |     32 |    100 |    148 |   1 |  296.0 |
               +--------+--------+--------+--------+--------+-----+--------+

Top non-repeatable levels by time:
     D:6: 2353 daAuts
     D:1: 1436 daAuts
     D:8: 1225 daAuts
     D:3: 1218 daAuts
     D:5: 1193 daAuts
     D:2: 1192 daAuts
     D:4: 950 daAuts
     D:9: 713 daAuts
     D:7: 682 daAuts
  Temple: 296 daAuts
